[Event "Titled Tuesday Blitz May 03 Early 2022"]
[White "Devaev, Alexander"]
[Black "Popadic, Dragan"]
[WhiteFideId "4169395"]
[BlackFideId "913650"]
[WhiteElo "2185"]
[BlackElo "2203"]
[Result "1-0"]
[Round "08"]
[TimeControl "180+1"]
[Date "2022.05.03"]
[WhiteClock "0:00:24"]
[BlackClock "0:00:03"]

1. d4 Nf6 2. c4 g6 3. Nc3 Bg7 4. e4 d6 5. Nf3 O-O 6. h3 e5 7. d5 a5 8. Bg5 h6 9. Be3 Na6 10. g4 Nd7 11. h4 Ndc5 12. Rg1 c6 13. h5 cxd5 14. cxd5 g5 15. Nd2 Bd7 16. f3 Rc8 17. Nc4 Qc7 18. Na3 Rfd8 19. Kf2 Bf8 20. Kg3 Be8 21. Bb5 Nb4 22. Qe2 Qb6 23. Rgc1 Bxb5 24. Ncxb5 Nba6 25. Rc2 a4 26. Rc4 Qa5 27. Rac1 Be7 28. Bd2 Qb6 29. Be3 Qa5 30. R1c2 Rb8 31. Kg2 Rdc8 32. Qd2 Qd8 33. Na7 Rc7 34. N3b5 Rd7 35. Na3 b5 36. N7xb5 Qb6 37. Rxa4 Nxa4 38. Bxb6 Rxb6 39. Qa5 N6c5 40. b3 Ra6 41. Qd2 Nb6 42. b4 Nca4 43. Rc6 Ra8 44. Qc2 Kg7 45. Nc4 Nxc4 46. Qxc4 Rb7 47. Rc7 Rab8 48. Rxb7 Rxb7 49. Nc3 Rb8 50. Nxa4 1-0


[Site "https://www.chess.com"]

[Event "Titled Tuesday Blitz May 03 Early 2022"]
[White "Dilmukhametov, Artur"]
[Black "Peterson, Eric"]
[WhiteFideId "24179922"]
[BlackFideId "14908395"]
[WhiteElo "2244"]
[BlackElo "2195"]
[Result "0-1"]
[Round "08"]
[TimeControl "180+1"]
[Date "2022.05.03"]
[WhiteClock "0:00:10"]
[BlackClock "0:01:13"]

1. d4 e6 2. Nc3 d5 3. Bf4 Bd6 4. Bxd6 Qxd6 5. e3 Nf6 6. Bd3 O-O 7. Nf3 c5 8. O-O Nc6 9. Qd2 cxd4 10. exd4 a6 11. Ne2 e5 12. dxe5 Nxe5 13. Nxe5 Qxe5 14. c3 Re8 15. Rfe1 Qd6 16. Bc2 Bg4 17. Nd4 Bh5 18. Qd3 Bg6 19. Nf5 Qd7 20. g4 Nxg4 21. h3 Ne5 22. Rxe5 Rxe5 23. f4 Bxf5 24. Qd2 Re7 25. Bxf5 Qxf5 26. Qg2 g6 27. Rf1 Rae8 28. h4 Re2 29. Qg3 R8e3 30. Qg5 Qxg5+ 31. fxg5 Rg3+ 32. Kh1 Rh3+ 33. Kg1 Rxh4 34. Rd1 Rg4+ 35. Kf1 Rxb2 36. Rxd5 Rxa2 37. Rd8+ Kg7 38. Rd7 Rb2 39. Rd3 Rxg5 40. c4 Rgg2 41. Rf3 Rgc2 42. Kg1 Rc1+ 43. Rf1 Rxf1+ 44. Kxf1 Rc2 45. Ke1 Rxc4 46. Ke2 Rc8 47. Kd3 a5 48. Kd4 a4 49. Kd5 a3 50. Kd6 a2 51. Ke5 a1=Q+ 52. Kf4 Qa4+ 53. Ke3 Rc3+ 54. Kf2 Qa2+ 55. Ke1 Rc1# 0-1


[Site "https://www.chess.com"]

[Event "Titled Tuesday Blitz May 03 Early 2022"]
[White "Djordjevic, Vuk"]
[Black "Levitskiy, Andrey"]
[WhiteFideId "902098"]
[BlackFideId "14132885"]
[WhiteElo "2496"]
[BlackElo "2301"]
[Result "1-0"]
[Round "08"]
[TimeControl "180+1"]
[Date "2022.05.03"]
[WhiteClock "0:00:24"]
[BlackClock "0:00:05"]

1. e4 e6 2. d4 d5 3. exd5 exd5 4. Bd3 Bd6 5. Nc3 Ne7 6. Bg5 h6 7. Bh4 c6 8. Nge2 Qc7 9. Qd2 Nf5 10. Bg3 O-O 11. O-O-O b5 12. Bxd6 Nxd6 13. Qf4 a5 14. Ng3 Na6 15. Nh5 Nc4 16. Qxc7 Nxc7 17. Rde1 Be6 18. g4 Rfe8 19. Rhg1 f6 20. Ne2 Bf7 21. Nhg3 Ne6 22. h4 a4 23. Bxc4 bxc4 24. a3 Reb8 25. Nf5 Ra7 26. Nc3 Bg6 27. Rxe6 Kf7 28. Rxc6 1-0


[Site "https://www.chess.com"]

[Event "Titled Tuesday Blitz May 03 Early 2022"]
[White "Ezat, Mohamed"]
[Black "Pham, Tran Gia Phuc"]
[WhiteFideId "10600906"]
[BlackFideId "12415669"]
[WhiteElo "2386"]
[BlackElo "1789"]
[Result "1-0"]
[Round "08"]
[TimeControl "180+1"]
[Date "2022.05.03"]
[WhiteClock "0:00:50"]
[BlackClock "0:00:47"]

1. d4 Nf6 2. c4 c5 3. d5 e6 4. Nc3 exd5 5. cxd5 d6 6. e4 g6 7. f4 Bg7 8. Bb5+ Nfd7 9. Be2 O-O 10. Nf3 Na6 11. O-O Nc7 12. Kh1 Re8 13. f5 Ne5 14. Bg5 f6 15. Nxe5 Rxe5 16. Bf4 Re8 17. fxg6 hxg6 18. Bg4 f5 19. exf5 Bxf5 20. Bxf5 gxf5 21. Qh5 Qf6 22. Bg3 Rf8 23. Ne4 Qxb2 24. Ng5 Rf6 25. Qh7+ Kf8 26. Rab1 Qxa2 27. Rxb7 Qa6 28. Rfb1 Qd3 29. Ne6+ Rxe6 30. dxe6 Nxe6 31. Qh5 Nd8 32. R7b3 Qd5 33. Rf3 Kg8 34. Rxf5 Qe6 35. Rbf1 Rb8 36. Qg4 Rb4 37. Rf8+ Kh7 38. Qh5+ Qh6 39. Qxh6+ Kxh6 40. Rxd8 1-0


[Site "https://www.chess.com"]

[Event "Titled Tuesday Blitz May 03 Early 2022"]
[White "Fedoseev, Vladimir"]
[Black "Kollars, Dmitrij"]
[WhiteFideId "24130737"]
[BlackFideId "12909572"]
[WhiteElo "2726"]
[BlackElo "2584"]
[Result "1-0"]
[Round "08"]
[TimeControl "180+1"]
[Date "2022.05.03"]
[WhiteClock "0:00:15"]
[BlackClock "0:00:02"]

1. d4 Nf6 2. Bf4 d5 3. e3 e6 4. Nf3 Bd6 5. Bg3 c5 6. dxc5 Bxc5 7. Nbd2 O-O 8. c4 Nc6 9. a3 a5 10. Be2 Qe7 11. O-O Rd8 12. Qc2 d4 13. exd4 Nxd4 14. Nxd4 Bxd4 15. Nf3 Bc5 16. Ne5 Bd7 17. Bf3 Be8 18. Rfd1 a4 19. Nd3 Bd4 20. Be5 Rac8 21. Rac1 h6 22. Qe2 Bxe5 23. Nxe5 Rxd1+ 24. Rxd1 Qc7 25. h4 Nd7 26. Nxd7 Bxd7 27. Rd4 Bc6 28. Bxc6 Qxc6 29. Qd3 e5 30. Rd5 g6 31. c5 b6 32. h5 bxc5 33. Rd6 Qb7 34. hxg6 Qxb2 35. gxf7+ Kf8 36. Qg6 Qc1+ 37. Kh2 Qf4+ 38. Kh3 Qxf7 39. Rf6 1-0


[Site "https://www.chess.com"]

[Event "Titled Tuesday Blitz May 03 Early 2022"]
[White "Fernandez Siles, Luis"]
[Black "Petrovic, Aleksa"]
[WhiteFideId "2209420"]
[BlackFideId "967629"]
[WhiteElo "2212"]
[BlackElo "2198"]
[Result "0-1"]
[Round "08"]
[TimeControl "180+1"]
[Date "2022.05.03"]
[WhiteClock "0:00:03"]
[BlackClock "0:00:34"]

1. e4 e6 2. d4 d5 3. e5 c5 4. Qg4 Ne7 5. Nf3 Nec6 6. Bd3 Nb4 7. a3 Nxd3+ 8. cxd3 b6 9. O-O Ba6 10. Rd1 h5 11. Qf4 Nc6 12. Nc3 Qc7 13. Be3 f6 14. Qg3 O-O-O 15. Rac1 fxe5 16. Bg5 exd4 17. Qxc7+ Kxc7 18. Bxd8+ Kxd8 19. Ne2 Bd6 20. b4 Kd7 21. bxc5 bxc5 22. Rb1 e5 23. Ng5 Rb8 24. Ng3 Rxb1 25. Rxb1 Bxd3 26. Rb7+ Kc8 27. Rxg7 c4 28. Nf7 Bc7 29. Rg6 Bxg6 0-1


[Site "https://www.chess.com"]

[Event "Titled Tuesday Blitz May 03 Early 2022"]
[White "Grischuk, Alexander"]
[Black "Tanenbaum, Zachary"]
[WhiteFideId "4126025"]
[BlackFideId "2060850"]
[WhiteElo "2762"]
[BlackElo "2168"]
[Result "0-1"]
[Round "08"]
[TimeControl "180+1"]
[Date "2022.05.03"]
[WhiteClock "0:01:20"]
[BlackClock "0:00:31"]

1. d4 d5 2. Nf3 Nf6 3. Bf4 c5 4. e3 Nc6 5. Be2 Qb6 6. Nc3 cxd4 7. Nb5 dxe3 8. Nc7+ Kd8 9. Nxa8 Qb4+ 10. c3 Qxf4 11. O-O e6 12. c4 Bc5 13. cxd5 exf2+ 14. Kh1 exd5 15. Rc1 Be3 16. Rc3 Re8 17. Bb5 d4 18. Bxc6 bxc6 19. Rxe3 Rxe3 20. Nxd4 Ke8 21. Nf3 Ng4 22. Qc2 Rxf3 23. Qxh7 Qxh2+ 24. Qxh2 Nxh2 25. Kxh2 Rf6 26. Kg3 Kd8 0-1


[Site "https://www.chess.com"]

[Event "Titled Tuesday Blitz May 03 Early 2022"]
[White "Gurevich, Dmitry"]
[Black "Melikhov, Evgeny V."]
[WhiteFideId "2000407"]
[BlackFideId "4122046"]
[WhiteElo "2506"]
[BlackElo "1931"]
[Result "1/2-1/2"]
[Round "08"]
[TimeControl "180+1"]
[Date "2022.05.03"]
[WhiteClock "0:00:22"]
[BlackClock "0:00:21"]

1. d4 Nf6 2. c4 e6 3. g3 d5 4. Bg2 dxc4 5. Nf3 Nc6 6. O-O Rb8 7. e3 b5 8. Qe2 Bd6 9. Rd1 Qe7 10. a4 a6 11. axb5 axb5 12. Nfd2 Nb4 13. b3 cxb3 14. Nxb3 O-O 15. Nc3 Bb7 16. Bxb7 Rxb7 17. Nxb5 Rfb8 18. Nxd6 cxd6 19. Bd2 Nc2 20. Ra2 Nxe3 21. Bxe3 Rxb3 22. Bg5 h6 23. Bxf6 Qxf6 24. d5 Rb1 25. dxe6 fxe6 26. Rxb1 Rxb1+ 27. Kg2 d5 28. Ra6 Rb2 29. Qxe6+ Qxe6 30. Rxe6 Rd2 31. Re7 d4 32. Rd7 Kh7 33. Rd6 Kg8 34. Rd7 Kh7 35. h4 Kg6 36. g4 Kf6 37. h5 d3 38. Kf3 Rd1 39. Kf4 g5+ 40. hxg6 Kxg6 41. Rd6+ Kg7 42. Kf5 d2 43. Rd7+ Kf8 44. f4 Ke8 45. Rd3 Ke7 46. Rd4 Kf7 47. Rd7+ Ke8 48. Rd5 Ke7 49. Rd4 Kf7 50. Rd3 Ke7 51. Re3+ Kf7 52. Re2 Kf8 53. Kf6 Rf1 54. Rxd2 Rxf4+ 55. Kg6 Rxg4+ 56. Kxh6 Rf4 57. Kg5 Rf7 58. Rd5 Rg7+ 59. Kf4 Rf7+ 60. Rf5 Rxf5+ 61. Kxf5 1/2-1/2


[Site "https://www.chess.com"]

[Event "Titled Tuesday Blitz May 03 Early 2022"]
[White "Hamley, Ryan"]
[Black "Csonka, Balazs"]
[WhiteFideId "30959497"]
[BlackFideId "742910"]
[WhiteElo "2500"]
[BlackElo "2404"]
[Result "1-0"]
[Round "08"]
[TimeControl "180+1"]
[Date "2022.05.03"]
[WhiteClock "0:00:09"]
[BlackClock "0:00:07"]

1. e4 c5 2. Nf3 Nc6 3. Bb5 d6 4. O-O Bd7 5. c3 a6 6. Ba4 Nf6 7. Re1 b5 8. Bc2 e5 9. h3 Be7 10. d4 cxd4 11. cxd4 O-O 12. Be3 Rc8 13. Nc3 h6 14. Rc1 Re8 15. Nd5 Nxd5 16. exd5 Nxd4 17. Nxd4 exd4 18. Bxd4 Bg5 19. Rxe8+ Bxe8 20. Qd3 g6 21. Re1 Bd7 22. Bb3 Bf6 23. Be3 h5 24. Qd2 Bf5 25. Bf4 a5 26. Bd1 b4 27. g4 hxg4 28. hxg4 Bd7 29. Bxd6 Ba4 30. Bg3 Bxd1 31. Rxd1 Qd7 32. f3 Re8 33. Kg2 a4 34. Re1 Rxe1 35. Bxe1 b3 36. axb3 axb3 37. Qd3 Bxb2 38. Qxb3 Bf6 39. Bd2 Kg7 40. g5 Be5 41. Qd3 Kg8 42. Qe4 Bd6 43. Bc3 Bc7 44. Qd4 Kf8 45. Bb4+ Kg8 46. Qf6 Bd8 47. Qe5 Qf5 48. Qxf5 gxf5 49. f4 Kg7 50. Kf2 f6 51. Bc3 Kg6 52. Bxf6 Bxf6 53. gxf6 Kxf6 54. Ke3 Ke7 55. Kd4 Kd6 56. Kc4 Kd7 57. Kc5 Kc7 58. d6+ Kd7 59. Kd5 1-0


[Site "https://www.chess.com"]

[Event "Titled Tuesday Blitz May 03 Early 2022"]
[White "Hansen, Eric"]
[Black "Preotu, Razvan"]
[WhiteFideId "2606771"]
[BlackFideId "2613280"]
[WhiteElo "2568"]
[BlackElo "2407"]
[Result "0-1"]
[Round "08"]
[TimeControl "180+1"]
[Date "2022.05.03"]
[WhiteClock "0:00:01"]
[BlackClock "0:00:15"]

1. Nf3 c5 2. g3 Nc6 3. Bg2 e5 4. d3 d5 5. O-O Be7 6. e4 d4 7. a4 Be6 8. Na3 h5 9. Nc4 Qc7 10. h3 h4 11. g4 Bxc4 12. dxc4 Nd8 13. Ne1 Ne6 14. Nd3 Bg5 15. Bxg5 Nxg5 16. Nxe5 Qxe5 17. f4 Qc7 18. fxg5 Ne7 19. e5 Qxe5 20. Re1 Qxg5 21. Qe2 Rh6 22. Bxb7 Rb8 23. Qg2 Kf8 24. b3 Ng6 25. Be4 Nf4 26. Qh2 Re8 27. Bf5 Re3 28. Rxe3 dxe3 29. Rf1 e2 30. Re1 Rd6 31. Rxe2 Rd1+ 32. Kf2 Nxe2 33. Bd3 Ng3 34. Kf3 Rd2 0-1


[Site "https://www.chess.com"]

[Event "Titled Tuesday Blitz May 03 Early 2022"]
[White "Dronavalli, Harika"]
[Black "Meshkovs, Nikita"]
[WhiteFideId "5015197"]
[BlackFideId "11602740"]
[WhiteElo "2382"]
[BlackElo "2506"]
[Result "0-1"]
[Round "08"]
[TimeControl "180+1"]
[Date "2022.05.03"]
[WhiteClock "0:00:12"]
[BlackClock "0:00:04"]

1. e4 c5 2. c3 Nf6 3. e5 Nd5 4. Nf3 Nc6 5. d4 cxd4 6. cxd4 d6 7. Bc4 dxe5 8. dxe5 Ndb4 9. Qxd8+ Nxd8 10. Na3 a6 11. Bd2 Ndc6 12. Nd4 Nxd4 13. Bxb4 Nc6 14. Bc3 e6 15. Be2 Bd7 16. Nc4 b5 17. Nb6 Rb8 18. Nxd7 Kxd7 19. O-O-O+ Kc7 20. Kb1 Bc5 21. f4 Rbd8 22. Bf3 Kb6 23. a3 Bd4 24. Bxc6 Bxc3 25. Bd7 Kc7 26. Bxe6 Bxe5 27. fxe5 fxe6 28. Rc1+ Kb6 29. Rc3 Rc8 30. Rg3 Rc7 31. Rd1 Re8 32. Rd6+ Kb7 33. Ka2 Ree7 34. Rgd3 Rc5 35. Rd7+ Rxd7 36. Rxd7+ Rc7 37. Rd6 Rc2 38. Rxe6 Rxg2 39. h4 h5 40. Kb3 a5 41. Kc3 Rg4 42. Rd6 b4+ 43. axb4 axb4+ 44. Kb3 Kc7 45. Ra6 Kd7 46. Rb6 Rxh4 47. Ka4 g5 48. Kb5 Re4 49. Rb8 Rxe5+ 50. Kxb4 g4 51. Rg8 Ke6 52. Kc3 Kf7 53. Rd8 g3 54. Rd1 h4 55. Kd4 Rg5 56. Ke3 h3 57. Kf3 g2 58. Kf2 h2 59. Kf3 g1=Q 0-1


[Site "https://www.chess.com"]

[Event "Titled Tuesday Blitz May 03 Early 2022"]
[White "Harshavardhan G B"]
[Black "Agasarov, Benik"]
[WhiteFideId "25059009"]
[BlackFideId "13314823"]
[WhiteElo "1831"]
[BlackElo "2527"]
[Result "1-0"]
[Round "08"]
[TimeControl "180+1"]
[Date "2022.05.03"]
[WhiteClock "0:01:15"]
[BlackClock "0:00:03"]

1. d4 Nf6 2. Nf3 e6 3. Bg5 d5 4. e3 Be7 5. Bd3 c5 6. c3 h6 7. Bh4 b6 8. Nbd2 O-O 9. Qe2 a5 10. Ne5 Nfd7 11. Bxe7 Qxe7 12. f4 Ba6 13. Bxa6 Nxa6 14. O-O c4 15. e4 Nxe5 16. fxe5 Nc7 17. Rf2 b5 18. Raf1 a4 19. a3 Rad8 20. Qg4 Kh8 21. Qh5 Rd7 22. Rf3 Qg5 23. Qxg5 hxg5 24. Rg3 g6 25. Rxg5 Kg7 26. Rf3 Rh8 27. Rg4 Rh5 28. exd5 Nxd5 29. Ne4 Rf5 30. Nd6 Rxf3 31. gxf3 b4 32. axb4 f5 33. Rg2 a3 34. bxa3 Nxc3 35. Rc2 Nb1 36. Rxc4 Nxa3 37. Rc8 Ra7 38. b5 Nxb5 39. Nxb5 Ra1+ 40. Kg2 g5 41. Rc7+ Kg6 42. Re7 Kh5 43. Rxe6 Ra2+ 44. Kh3 Rf2 45. Kg3 Re2 46. Re8 f4+ 47. Kh3 Rf2 48. Rh8+ Kg6 49. Rg8+ Kh5 50. Nd6 Rxf3+ 51. Kg2 Rd3 52. Ne4 Rxd4 53. Nxg5 Rd2+ 54. Kf3 Kh4 55. Ne4 Rd3+ 56. Kxf4 Kh3 57. Rg3+ Rxg3 58. hxg3 Kg2 59. e6 Kh1 60. e7 1-0


[Site "https://www.chess.com"]

[Event "Titled Tuesday Blitz May 03 Early 2022"]
[White "Hart, Braeden"]
[Black "Khokhlova, Daria"]
[WhiteFideId "30962587"]
[BlackFideId "24182729"]
[WhiteElo "2513"]
[BlackElo "2034"]
[Result "1-0"]
[Round "08"]
[TimeControl "180+1"]
[Date "2022.05.03"]
[WhiteClock "0:00:15"]
[BlackClock "0:00:15"]

1. e4 c5 2. Nf3 d6 3. b4 cxb4 4. d4 e6 5. a3 bxa3 6. c3 Nf6 7. Bd3 Be7 8. O-O Nc6 9. Qe2 e5 10. d5 Na5 11. Nbd2 O-O 12. Bxa3 b6 13. Bb4 Nb7 14. Bb5 a5 15. Bc6 Qc7 16. Nc4 Rb8 17. Ba3 Nd8 18. Bb5 Bd7 19. Bxd7 Nxd7 20. Rfb1 Nb7 21. Nfd2 b5 22. Rxb5 a4 23. Rab1 Nbc5 24. Na5 Bg5 25. Nf3 Bh6 26. Nc6 Rxb5 27. Qxb5 Nxe4 28. Bb4 Nec5 29. Bxc5 Nxc5 30. Nfxe5 dxe5 31. Qxc5 Qd7 32. c4 g6 33. Nxe5 Qf5 34. Re1 Re8 35. d6 f6 36. Qd5+ Kg7 37. Qf7+ 1-0


[Site "https://www.chess.com"]

[Event "Titled Tuesday Blitz May 03 Early 2022"]
[White "Hirneise, Jens"]
[Black "Kosteniuk, Alexandra"]
[WhiteFideId "24614734"]
[BlackFideId "4128125"]
[WhiteElo "2359"]
[BlackElo "2469"]
[Result "0-1"]
[Round "08"]
[TimeControl "180+1"]
[Date "2022.05.03"]
[WhiteClock "0:00:01"]
[BlackClock "0:00:13"]

1. Nf3 Nf6 2. c4 e6 3. Nc3 d5 4. d4 dxc4 5. e3 a6 6. a4 b6 7. Bxc4 Bb7 8. O-O Bb4 9. Qe2 O-O 10. Rd1 Qe7 11. Bd3 Nbd7 12. e4 e5 13. d5 Nh5 14. g3 g6 15. Bh6 Ng7 16. Nd2 Bc5 17. Nb3 Bd6 18. f3 f5 19. Rac1 Nc5 20. Nxc5 Bxc5+ 21. Be3 Bxe3+ 22. Qxe3 f4 23. gxf4 Rxf4 24. d6 cxd6 25. Bc4+ Kh8 26. Qxb6 Raf8 27. Be2 Ne8 28. Kh1 g5 29. Rg1 g4 30. Rxg4 Rxg4 31. fxg4 Nf6 32. Rf1 Ba8 33. Qb4 a5 34. Qc4 Rd8 35. g5 Nxe4 36. Nxe4 d5 37. Qc5 Qg7 38. Nd6 d4+ 39. Bf3 Rf8 40. Bxa8 Rxf1+ 41. Kg2 Rf8 42. Ne4 Rxa8 43. h4 Rf8 44. Qxa5 h6 45. Qd5 hxg5 46. hxg5 Rf4 47. Qd8+ Kh7 48. Qd5 Rg4+ 49. Kh3 Rf4 0-1


[Site "https://www.chess.com"]

[Event "Titled Tuesday Blitz May 03 Early 2022"]
[White "Hnydiuk, Aleksander"]
[Black "Lamaze, Simon"]
[WhiteFideId "1109057"]
[BlackFideId "36069264"]
[WhiteElo "2374"]
[BlackElo "1999"]
[Result "1-0"]
[Round "08"]
[TimeControl "180+1"]
[Date "2022.05.03"]
[WhiteClock "0:00:06"]
[BlackClock "0:00:18"]

1. c4 e5 2. g3 Bc5 3. Bg2 d6 4. Nc3 a6 5. Nf3 Nc6 6. O-O h5 7. e3 Bg4 8. h3 Be6 9. d4 Bxc4 10. dxc5 Bxf1 11. Kxf1 dxc5 12. Qxd8+ Rxd8 13. b3 Nf6 14. Ba3 b6 15. Ke2 g6 16. Bb2 O-O 17. Ng5 Nb4 18. Nge4 Nxe4 19. Bxe4 f5 20. a3 fxe4 21. axb4 cxb4 22. Nxe4 a5 23. Bxe5 c5 24. Bc7 Rde8 25. Nd6 Re6 26. Nc4 b5 27. Nxa5 Ra6 28. Rc1 Rc8 29. Rxc5 Rxa5 30. Bxa5 Rxc5 31. Bxb4 Rc2+ 32. Bd2 Kf7 33. b4 Ke6 34. Kd3 Ra2 35. f4 Ra3+ 36. Ke4 Rb3 37. g4 Rb2 38. f5+ gxf5+ 39. gxf5+ Kf7 40. Be1 Re2 41. Bg3 Rb2 42. Bd6 Rd2 43. Be5 Rf2 44. Bf4 Rf1 45. Kd3 Rc1 46. e4 Rh1 47. e5 Rxh3+ 48. Ke4 Rb3 49. Bd2 h4 50. e6+ Ke8 51. f6 Rb1 52. f7+ Ke7 53. Bg5+ Kxe6 54. f8=Q Re1+ 55. Be3 h3 56. Qf5+ Ke7 57. Qxh3 1-0


[Site "https://www.chess.com"]

[Event "Titled Tuesday Blitz May 03 Early 2022"]
[White "Hovhannisyan, Robert"]
[Black "Wong, Yinn Long"]
[WhiteFideId "13302507"]
[BlackFideId "5707684"]
[WhiteElo "2570"]
[BlackElo "2055"]
[Result "1/2-1/2"]
[Round "08"]
[TimeControl "180+1"]
[Date "2022.05.03"]
[WhiteClock "0:00:07"]
[BlackClock "0:00:07"]

1. e4 c5 2. Nf3 g6 3. d4 cxd4 4. Nxd4 Nc6 5. c4 Nf6 6. Nc3 d6 7. Be2 Nxd4 8. Qxd4 Bg7 9. O-O O-O 10. Qd3 Be6 11. Be3 Nd7 12. Bd4 Bxd4 13. Qxd4 Qb6 14. Qxb6 Nxb6 15. Nd5 Nxd5 16. exd5 Bf5 17. g4 Bd7 18. Bd3 Bxg4 19. f4 e6 20. dxe6 Bxe6 21. Kf2 Rac8 22. Rac1 Rc7 23. Ke3 Rfc8 24. Kd4 b5 25. b3 bxc4 26. bxc4 Rc5 27. f5 gxf5 28. Rc2 Kf8 29. Rb2 R8c7 30. Rb4 Ke7 31. Rf4 d5 32. cxd5 Rxd5+ 33. Ke3 Rc3 34. Rfd4 Rxd4 35. Kxd4 Ra3 36. Bb1 Kf6 37. Rb2 Ra4+ 38. Ke3 h6 39. Kf2 Ra3 40. Kg1 f4 41. Kf2 Kg5 42. Rb5+ Kf6 43. Rb2 Bf5 44. Bxf5 Kxf5 45. Rb7 Rxa2+ 46. Kf3 Ra3+ 47. Kg2 f6 48. Rh7 Kg6 49. Rh8 a5 50. Rg8+ Kf5 51. Rh8 Ra2+ 52. Kh3 Kg6 53. Rg8+ Kf5 54. Rh8 a4 55. Rxh6 a3 56. Rh5+ Ke4 57. Ra5 f3 58. Kg3 Rg2+ 59. Kh3 Rg5 60. Ra4+ Ke3 61. Rxa3+ Ke2 62. Ra2+ Ke3 63. Ra3+ Ke4 64. Ra4+ Ke5 65. Ra5+ Kf4 66. Ra4+ Kf5 67. Ra5+ Kg6 68. Ra3 f2 69. Rf3 Rf5 70. Rxf5 Kxf5 71. Kg2 Kg4 72. Kxf2 Kh3 73. Kf3 Kxh2 74. Kf4 Kh3 75. Kf5 Kh4 76. Kxf6 1/2-1/2


[Site "https://www.chess.com"]

[Event "Titled Tuesday Blitz May 03 Early 2022"]
[White "Ismayil, Malak"]
[Black "Keller, Peter"]
[WhiteFideId "13412604"]
[BlackFideId "1272105"]
[WhiteElo "1879"]
[BlackElo "2275"]
[Result "1-0"]
[Round "08"]
[TimeControl "180+1"]
[Date "2022.05.03"]
[WhiteClock "0:00:52"]
[BlackClock "0:00:03"]

1. e4 e5 2. Nf3 Nc6 3. Bc4 Nf6 4. d3 Be7 5. Nc3 O-O 6. O-O d6 7. h3 Na5 8. Bb3 h6 9. Be3 c6 10. Re1 Re8 11. d4 Qc7 12. dxe5 dxe5 13. Qe2 Nxb3 14. axb3 Bb4 15. Qc4 a5 16. Nd5 Nxd5 17. exd5 Bxe1 18. Rxe1 Qd6 19. dxc6 Qxc6 20. Qe2 Bf5 21. c4 Rad8 22. Ra1 b6 23. c5 Bd3 24. Qe1 bxc5 25. Rxa5 c4 26. Nxe5 Qf6 27. Nxc4 Bxc4 28. bxc4 Qxb2 29. c5 Qc2 30. Ra1 Re6 31. Rc1 Qe4 32. Qa5 Rc8 33. Qb5 Rg6 34. Qf1 Qf3 35. Kh2 Qd5 36. Rd1 Qe5+ 37. Kh1 Kh7 38. Qd3 Rc6 39. h4 Qh5 40. g3 f5 41. Qd5 Rcf6 42. Bf4 Qg4 43. Kh2 Re6 44. Rd2 Re1 45. f3 Qh5 46. c6 Rge6 47. Rg2 R1e2 48. c7 Rxg2+ 49. Kxg2 Qf7 50. Qd2 Re8 51. Kh3 Rc8 52. Qd8 1-0


[Site "https://www.chess.com"]

[Event "Titled Tuesday Blitz May 03 Early 2022"]
[White "Janaszak, Dawid"]
[Black "Stribuk, Artiom"]
[WhiteFideId "1119206"]
[BlackFideId "13515659"]
[WhiteElo "2199"]
[BlackElo "2259"]
[Result "0-1"]
[Round "08"]
[TimeControl "180+1"]
[Date "2022.05.03"]
[WhiteClock "0:00:06"]
[BlackClock "0:00:21"]

1. e4 c5 2. Nc3 Nc6 3. Bb5 Nd4 4. Nf3 e6 5. O-O a6 6. Bd3 Nc6 7. Re1 g5 8. Kh1 Bg7 9. Ng1 d6 10. Qh5 h6 11. b3 Nf6 12. Qd1 b5 13. Bb2 Bb7 14. a4 b4 15. Nce2 Ng4 16. Rf1 Bxb2 17. Rb1 Bg7 18. Ng3 Nf6 19. f4 gxf4 20. Rxf4 Qe7 21. Qf1 Ne5 22. Be2 Rg8 23. Nh5 Nxh5 24. Bxh5 O-O-O 25. d3 Rdf8 26. Nh3 Kb8 27. Be2 Nc6 28. Rf2 Bd4 29. Rf3 Be5 30. Nf4 Nd4 31. Rf2 Qh4 32. h3 Rg3 33. Bd1 Rfg8 34. Ne2 Nxe2 35. Bxe2 f5 36. d4 Bxd4 37. Rf3 Rxg2 38. Qxg2 Rxg2 39. Kxg2 Bxe4 0-1


[Site "https://www.chess.com"]

[Event "Titled Tuesday Blitz May 03 Early 2022"]
[White "Jobava, Baadur"]
[Black "Mikhailovsky, Vladimir"]
[WhiteFideId "13601520"]
[BlackFideId "34105414"]
[WhiteElo "2617"]
[BlackElo "2349"]
[Result "1-0"]
[Round "08"]
[TimeControl "180+1"]
[Date "2022.05.03"]
[WhiteClock "0:01:09"]
[BlackClock "0:00:04"]

1. b3 d5 2. Bb2 Bg4 3. f3 Bh5 4. e3 Nd7 5. Nc3 c6 6. d4 Ngf6 7. g4 Bg6 8. h4 h5 9. g5 Ng8 10. Nge2 e5 11. Bh3 exd4 12. Qxd4 Ne7 13. Ng3 Qb6 14. O-O-O Nc5 15. f4 f5 16. gxf6 gxf6 17. Qxf6 Rg8 18. Nf5 Bxf5 19. Bxf5 Bg7 20. Qg5 Nd7 21. Qxh5+ Kd8 22. Kb1 Nxf5 23. Qxf5 Rf8 24. Nxd5 Rxf5 25. Nxb6 Bxb2 26. Rxd7+ Ke8 27. Kxb2 axb6 28. Rxb7 Rfa5 29. a4 b5 30. Rg1 1-0


[Site "https://www.chess.com"]

[Event "Titled Tuesday Blitz May 03 Early 2022"]
[White "Johnson, Ben"]
[Black "Bongo Akanga Ndjila, Barthelemy"]
[WhiteFideId "2010917"]
[BlackFideId "10609431"]
[WhiteElo "2192"]
[BlackElo "1768"]
[Result "1-0"]
[Round "08"]
[TimeControl "180+1"]
[Date "2022.05.03"]
[WhiteClock "0:01:53"]
[BlackClock "0:01:59"]

1. Nf3 Nf6 2. c4 g6 3. b3 Bg7 4. Bb2 O-O 5. g3 d6 6. d4 Nbd7 7. Bg2 Re8 8. O-O e5 9. dxe5 dxe5 10. Nxe5 Ng4 11. Nxg4 Bxb2 12. Nd2 Bxa1 13. Qxa1 h5 14. Nh6+ Kh7 15. Nxf7 Qe7 16. Nf3 Qxf7 17. Ng5+ Kg8 18. Nxf7 Kxf7 19. e3 1-0


[Site "https://www.chess.com"]

[Event "Titled Tuesday Blitz May 03 Early 2022"]
[White "Jumabayev, Rinat"]
[Black "Matinian, Nikita"]
[WhiteFideId "13702661"]
[BlackFideId "24129100"]
[WhiteElo "2561"]
[BlackElo "2422"]
[Result "0-1"]
[Round "08"]
[TimeControl "180+1"]
[Date "2022.05.03"]
[WhiteClock "0:00:05"]
[BlackClock "0:00:58"]

1. d4 Nf6 2. c4 g6 3. Nf3 Bg7 4. g3 O-O 5. Bg2 d6 6. O-O Nc6 7. Nc3 e5 8. d5 Nb8 9. e4 a5 10. Be3 Na6 11. a3 Bd7 12. Rb1 a4 13. h3 Qe8 14. Ne1 Nh5 15. Nd3 f5 16. Qd2 b6 17. Rbe1 Nc5 18. exf5 gxf5 19. Ne2 Qg6 20. Nxc5 bxc5 21. f4 Rab8 22. Rb1 Nxg3 23. Nxg3 Qxg3 24. Kh1 Rb3 25. Rf3 Qh4 26. fxe5 Bxe5 27. Bg5 Qh5 28. Rxb3 axb3 29. Rf1 Kh8 30. Bf4 Bd4 31. Qd3 Rg8 32. Qxb3 Rxg2 33. Kxg2 Qe2+ 34. Kg3 Qxf1 35. Qb8+ Kg7 0-1


[Site "https://www.chess.com"]

[Event "Titled Tuesday Blitz May 03 Early 2022"]
[White "Kadam, Om Manish"]
[Black "Arabidze, Meri"]
[WhiteFideId "45076294"]
[BlackFideId "13604040"]
[WhiteElo "1729"]
[BlackElo "2335"]
[Result "1-0"]
[Round "08"]
[TimeControl "180+1"]
[Date "2022.05.03"]
[WhiteClock "0:00:19"]
[BlackClock "0:00:01"]

1. e4 c5 2. Nf3 e6 3. d4 cxd4 4. Nxd4 Nc6 5. Nc3 a6 6. Be3 Nf6 7. a3 Qc7 8. Be2 b5 9. O-O Bb7 10. f4 d6 11. Bf3 Be7 12. Qe1 O-O 13. Rd1 Rac8 14. Kh1 Rfe8 15. Qg3 g6 16. Qh3 Bf8 17. e5 Nd7 18. exd6 Bxd6 19. Ndxb5 axb5 20. Nxb5 Qb8 21. Nxd6 Nf6 22. Qh4 Nd5 23. Nxe8 Nxe3 24. Nf6+ Kg7 25. Rd7 h6 26. Ng4 Nxg4 27. Qxg4 Re8 28. Be4 Kf8 29. Rfd1 Ba8 30. Rxf7+ Kxf7 31. Qxg6+ Kf8 32. Qxh6+ Kg8 33. Qg6+ Kf8 34. Qf6+ Kg8 35. Rd7 Ne7 36. Qxe6+ Kf8 37. Bxa8 Qxf4 38. Bf3 Qc1+ 39. Rd1 Qxb2 40. c4 1-0


[Site "https://www.chess.com"]